[Event "1st Bella Italia International 2022"]
[Site "Lignano"]
[Date "2022.08.18"]
[Round "2.1"]
[White "Bettalli, Francesco"]
[Black "Sonis, Francesco"]
[Result "0-1"]
[ECO "B23"]
[WhiteElo "2237"]
[BlackElo "2543"]
[Annotator "TA"]
[PlyCount "112"]
[EventDate "2022.08.18"]
[EventCountry "ITA"]
[SourceTitle "playchess.com"]
[Source "ChessBase"]
[SourceQuality "1"]
[TimeControl "5400+30"]

1. e4 c5 2. Nc3 Nc6 3. Bb5 Nd4 4. Nf3 a6 5. Bd3 g6 6. Rb1 {[%emt 0:00:03] B23: Closed Sicilian: Lines without g3.} Bg7 7. b4 cxb4 8. Rxb4 {[%emt 0:00:03] The position is equal.} Nc6 9. Rb1 Nf6 10. O-O d5 {[%emt 0:03:37] [#]} 11. exd5 $146 ({Predecessor:} 11. Bb2 d4 12. Ne2 e5 13. Ba3 Bf8 14. Bxf8 Kxf8 15. Ng3 Kg7 16. Bc4 b5 17. Bb3 {0-1 (84) Mou,I (2042)-Adury,A (2079) Philadelphia 2022}) 11... Nxd5 12. Nxd5 Qxd5 13. Bb2 O-O 14. a4 Bg4 15. Bxg7 Kxg7 16. Be2 ({Don't play} 16. Rxb7 Nd4 17. Qa1 (17. Rxe7 $2 Bxf3 18. Qa1 Qg5 $19) 17... Bxf3 18. gxf3 Qxb7 $17) 16... e5 17. c4 Qd7 18. d4 Bxf3 19. Bxf3 exd4 20. Bd5 Rae8 21. Rb6 Re7 22. g3 Qd6 23. Qxd4+ Nxd4 24. Rxd6 Nb3 25. Rb6 Na5 26. Rfb1 Rc8 27. R1b4 Rc5 28. Kg2 Rec7 29. h3 h6 30. Kh2 Nxc4 31. Bxc4 (31. Rxb7 $11 Rxb7 32. Bxb7) 31... Rxc4 $17 32. Rxb7 {[%emt 0:00:00] [#]} a5 $1 33. Rxc7 Rxb4 {[%emt 0:00:00][%mdl 4096] Endgame KR-KR} 34. Ra7 Rxa4 35. Ra6 (35. Kg2 $17) 35... g5 (35... Ra1 $19 {has better winning chances.} 36. Kg2 a4) 36. Kg2 h5 37. Ra7 (37. Kf3 $17 {might work better.}) 37... g4 $19 38. hxg4 $2 {[%emt 0:00:00] Loses the game.} (38. Rd7 $17) 38... hxg4 39. Ra6 (39. Rd7 {is the only way for White.}) 39... Ra2 40. Ra7 Kg6 41. Ra6+ f6 42. Ra7 a4 {[%emt 0:00:00][%cal Ba5a4,Ba4a3][%mdl 32] [#] And now ...a3 would win.} 43. Ra8 $2 (43. Rb7) 43... a3 44. Ra4 f5 45. Ra6+ Kf7 46. Kg1 Ke7 {[%emt 0:00:00] White must now prevent ...Kd7.} 47. Kg2 Kd7 48. Ra5 Kc6 49. Ra8 Kb5 {[%emt 0:00:00] Strongly threatening ...Ra1.} 50. Rb8+ Kc4 51. Rc8+ Kd3 52. Ra8 Kd2 53. Ra5 Kc3 {[%emt 0:00:00] ( -> ...Kb4)} 54. Rc5+ Kb4 {[%emt 0:00:00] Black mates.} 55. Rxf5 Rc2 56. Rf8 a2 {[%emt 0:00:00] Weighted Error Value: White=0.84/Black=0.33} 0-1

[Event "1st Bella Italia International 2022"]
[Site "Lignano"]
[Date "2022.08.18"]
[Round "2.2"]
[White "Visakh N R"]
[Black "Micottis, Dorian"]
[Result "1-0"]
[ECO "D90"]
[WhiteElo "2503"]
[BlackElo "2263"]
[Annotator "TA"]
[PlyCount "129"]
[EventDate "2022.08.18"]
[EventCountry "ITA"]
[SourceTitle "playchess.com"]
[Source "ChessBase"]
[SourceQuality "1"]
[TimeControl "5400+30"]

1. d4 Nf6 2. c4 g6 3. Nc3 d5 4. Nf3 Bg7 5. h4 c6 (5... dxc4 {seems wilder.} 6. e4 c5 7. Bxc4 cxd4 8. Qxd4 O-O) 6. cxd5 {[%emt 0:00:17] D90: Grünfeld: 4 Nf3 Bg7 sidelines.} cxd5 7. Bf4 Nc6 8. e3 {[%emt 0:00:07] The position is equal.} O-O 9. Qb3 Na5 {[%emt 0:02:23] 9...Na5 has lost popularity.} 10. Qa3 Nc6 11. Bb5 {[%emt 0:00:26] [#]} Qa5 $146 ({Predecessor:} 11... Bd7 12. O-O a6 13. Be2 b5 14. Qb3 Na5 15. Qd1 Bg4 {½-½ (34) Swiercz,D (2655)-Nepomniachtchi,I (2771) Astana 2019}) 12. Qxa5 Nxa5 13. Ne5 (13. h5 $5) 13... Be6 14. Be2 Rac8 15. Bf3 {[%emt 0:14:27] Against Ne4} Rfd8 16. O-O Nc4 (16... Nh5 $5 ) 17. Nxc4 Rxc4 18. Be5 Ng4 19. Bxg7 Kxg7 20. Ne2 Nf6 21. Nf4 Bg4 22. b3 Rcc8 23. Bxg4 Nxg4 24. Rfc1 {[%emt 0:00:54] Against Rc2} e6 25. Nd3 Kf8 26. Kf1 h5 27. Ke2 Ke7 28. a4 a5 29. Rab1 Nf6 30. b4 {[%emt 0:04:56] [#] Hoping for Rxc8.} Rxc1 31. Rxc1 axb4 $11 {[%emt 0:00:32][%mdl 4096] Endgame KRN-KRN} 32. Rb1 Nd7 33. Rxb4 b6 34. Ne5 {[%emt 0:01:31] And now Nc6+ would win.} Ra8 35. Kd3 Ra6 36. Kc2 Nxe5 37. dxe5 {[%emt 0:00:00] KR-KR} f6 38. exf6+ Kxf6 39. Kb3 e5 {[%emt 0:00:37] [#]} (39... Ke5 $11) 40. Rb5 (40. f3 $1 $16) 40... Ke6 $1 41. f3 Kd6 $2 {[%emt 0:00:49] Loses the game.} (41... e4 $1 $14) 42. e4 $18 dxe4 43. fxe4 {[%emt 0:00:00] aiming for Kb4.} Ke6 (43... Kc7 $16 {was worth a try.} 44. Rxe5 Ra8) 44. Kb4 {[%emt 0:00:00] g3 is the strong threat.} Kf6 $2 (44... g5 {keeps fighting.} 45. hxg5 h4) 45. Rd5 Ke6 {[%emt 0:01:03] Prevents Rd7.} (45... Ke7 $142 46. Rxe5+ Kf7) 46. Rd8 Ra7 47. Rb8 Ra6 48. Rb7 Kf6 49. Rc7 Ke6 50. Rc6+ Kf7 51. Rd6 Kg7 52. Re6 Kf7 53. Rxe5 Kf6 54. Re8 {[%emt 0:00:00] Black must now prevent Rc8.} Ra7 $2 (54... g5 55. e5+ Kg7) 55. Rb8 {[%emt 0:00:00] White is clearly winning.} Ra6 56. Rc8 Kf7 57. Rc7+ Kf6 (57... Ke8 $142 58. Rc6 Ra5 59. Rxb6 Re5) 58. Rc6+ Kg7 59. e5 Kf7 60. Rf6+ Kg7 61. Rd6 Kf7 62. Rc6 Kg7 63. e6 Kf6 64. e7+ Kxe7 65. Rxg6 {[%emt 0:00:00] Weighted Error Value: White=0.22 (precise) /Black=0.32} 1-0

[Event "1st Bella Italia International 2022"]
[Site "Lignano"]
[Date "2022.08.18"]
[Round "2.3"]
[White "Gelle, Istvan"]
[Black "Ghosh, Diptayan"]
[Result "0-1"]
[ECO "D00"]
[WhiteElo "2218"]
[BlackElo "2538"]
[Annotator "TA"]
[PlyCount "90"]
[EventDate "2022.08.18"]
[EventCountry "ITA"]
[SourceTitle "playchess.com"]
[Source "ChessBase"]
[SourceQuality "1"]
[TimeControl "5400+30"]

1. d4 Nf6 2. Bf4 d5 3. e3 c5 4. c3 Nc6 5. Nd2 Bf5 6. Ngf3 e6 $1 {[%emt 0:00:10] The main line 6...e6 scores better than 6...Qb6.} 7. Qb3 {[%emt 0:00:40] D00: 1 d4 d5: Unusual lines.} Qc8 8. Nh4 Bg4 9. h3 {[%emt 0:00:46] White is slightly better.} Bh5 10. g4 Bg6 11. Nxg6 hxg6 12. Bg2 cxd4 13. exd4 Qd7 14. O-O $1 Bd6 15. Bxd6 Qxd6 16. f4 O-O 17. a4 {[%emt 0:02:15] [#]} (17. Qxb7 Rab8 18. Nc4 Rxb7 $17) 17... Qc7 $146 ({Predecessor:} 17... a6 18. a5 Qc7 19. Qa3 Rac8 20. Rf2 Ne8 21. f5 gxf5 22. gxf5 Nd6 23. fxe6 fxe6 {0-1 (56) Sadhwani,R (2616)-Lazavik,D (2472) Chess.com INT 2022}) 18. Qa3 b6 19. Rae1 Rfc8 20. Nb3 a6 21. Rf2 Rab8 22. Qa1 Na5 23. Nxa5 bxa5 24. Qd1 Qc6 25. Bf1 Ne4 26. Rg2 f5 27. gxf5 (27. h4 $11) 27... exf5 $15 28. Bd3 Kf7 29. Re3 Rh8 30. Bxe4 dxe4 31. Reg3 Rh6 32. Kh2 Rb6 33. b4 (33. d5 $11 Qc7 34. Qd4) 33... axb4 ({Black should try} 33... Qd6 $1 $17 34. Qb3+ (34. bxa5 Qxf4 35. Qd2 Qxd2 $17) 34... Kf8) 34. Qb3+ $11 Kf8 35. cxb4 Qd6 36. Rc2 {[%emt 0:01:21] White threatens Rc8+ and mate.} Rb8 {[%emt 0:01:35] Against Rc8+} 37. b5 axb5 (37... Qxd4 $2 38. Rgc3 g5 39. Rc7 $16) 38. axb5 Qxf4 39. b6 {[%emt 0:00:17] Strongly threatening Rc7.} g5 40. b7 {[%emt 0:00:47] And now Kg2 would win.} Ke7 {[%emt 0:01:53] [#]} (40... Re8 41. Rc8 e3 42. Rxe8+ Kxe8 43. b8=Q+ Qxb8 44. Qxb8+ Kf7 45. Rxe3) (40... g4 $1 $11 41. Kg1 Rxh3 42. Rc8+ Ke7 43. Rxh3 gxh3 44. Qb4+ (44. Qa3+ Kf7 $11) 44... Kf7 45. Qf8+ Kg6 46. Rxb8 (46. Qe8+ Kg5 $11) 46... Qg4+ 47. Kf2 Qf3+ 48. Ke1 e3 49. Qe8+ Kg5 50. Qe7+ Kg6 51. Qd6+ Kg5 52. Qe7+ Kg6 53. Qd6+ Kg5 54. Qe7+) 41. Qb4+ (41. Kg2 $1 $16 {Rgc3 is the strong threat.} g4 42. Rf2) 41... Kf7 {[%emt 0:00:23][%cal Oh6h3] ( -> ...Rxh3+!). The board is on fire.} 42. Qc4+ Kg6 {[%emt 0:01:30] aiming for ...g4.} 43. Qc7 $2 {[%emt 0:00:42][%mdl 8192] [#]} (43. Kg2 $11 e3 44. Qd5) 43... Rxh3+ $3 {[%emt 0:01:29][%mdl 512] Black mates.} 44. Kxh3 (44. Kg1 Rxg3+) 44... Qf1+ 45. Rgg2 Rh8+ {[%emt 0:00:10] Weighted Error Value: White=0.29 (precise) /Black=0.10 (very precise)} 0-1

[Event "1st Bella Italia International 2022"]
[Site "Lignano"]
[Date "2022.08.18"]
[Round "2.4"]
[White "Karthik Venkataraman"]
[Black "Titze, Leo"]
[Result "1-0"]
[ECO "B23"]
[WhiteElo "2483"]
[BlackElo "2071"]
[Annotator "TA"]
[PlyCount "61"]
[EventDate "2022.08.18"]
[EventCountry "ITA"]
[SourceTitle "playchess.com"]
[Source "ChessBase"]
[SourceQuality "1"]
[TimeControl "5400+30"]

1. e4 {[%emt 0:05:27] Doe,John} c5 2. Nc3 Nc6 3. Bb5 e6 4. Bxc6 bxc6 5. f4 d5 6. Qe2 {[%emt 0:00:32] [#] B23: Closed Sicilian: Lines without g3.} a5 $146 ({Predecessor:} 6... Be7 7. Nf3 Nf6 8. d3 Qb6 9. b3 Ba6 10. Na4 Qb7 11. c4 O-O 12. O-O Qc7 13. e5 Nd7 {0-1 (51) Abreu Flores,D (1897)-Castellet Menchon,C (1866) Barcelona 2019 EXT 2020 [Doe,John]}) 7. Nf3 c4 8. O-O {[%emt 0:02:01] White has an edge.} Bc5+ 9. Kh1 Ne7 ({Black should try} 9... Nf6 $11) 10. b3 $14 Ba6 11. bxc4 Bxc4 12. d3 Ba6 13. Na4 Ba7 14. c4 (14. f5 $14) 14... O-O 15. Ba3 dxc4 16. dxc4 Qc7 (16... c5 $1 $11 {remains equal.}) 17. Nc5 $16 Bxc5 18. Bxc5 Rfd8 19. e5 Ng6 20. Ng5 a4 21. Rab1 (21. Qh5 $6 h6 22. Nxe6 fxe6 $14) 21... Re8 22. Bd6 {[%emt 0:01:04] 0x0.00144ef3c5cadp-1022s more active pieces.} (22. Qh5 h6 23. Bd6 Qd7 $11) 22... Qa7 23. Qd3 $40 {[%emt 0:04:35][%mdl 128] aiming for f5. White wants a kill.} (23. Qh5 $6 h6 24. f5 exf5 25. Nxf7 Qxf7 $15) 23... c5 $2 {[%emt 0:02:36][%mdl 8192] Black cannot hold the game after this.} (23... h6 $16) 24. f5 $18 (24. Qh3 h6 25. Ne4 Bxc4 $15) 24... exf5 25. Rxf5 Qd7 {[%emt 0:03:02][%cal Oa6c4] [#] Hoping for ...Bxc4!} 26. Rbf1 (26. Rxf7 Qg4 27. Qd5 (27. Bxc5 Qxg5 28. Qd5 Kh8 $17) 27... Kh8 $14) 26... Bb7 27. Rxf7 Qc6 (27... Qg4 28. Rxb7 Qxg5 29. Qd5+ (29. Bxc5 Rad8 $18) 29... Kh8) 28. Qg3 ({Weaker is} 28. Qh3 h6 $18) (28. R1f2 $142 Qc8 29. e6 Rxe6 {[#]} 30. Qc3 $1 Bxg2+ 31. Kg1 Re1+ 32. Qxe1) 28... Rac8 (28... Qxg2+ $142 29. Qxg2 Bxg2+ 30. Kxg2 Nxe5) 29. h4 $2 (29. R1f2 {Strongly threatening Qh3.} Rf8 30. Bxf8 Rxf8 31. e6) 29... Kh8 $2 (29... Qxg2+ 30. Qxg2 Bxg2+ 31. Kxg2 h6) 30. h5 Nh4 31. Nf3 {[%emt 0:00:21] Weighted Error Value: White=0.54/Black=0.37} 1-0

[Event "1st Bella Italia International 2022"]
[Site "Lignano"]
[Date "2022.08.18"]
[Round "2.5"]
[White "Lapiccirella, Daniele"]
[Black "Das, Sayantan"]
[Result "0-1"]
[ECO "E81"]
[WhiteElo "2173"]
[BlackElo "2449"]
[Annotator "TA"]
[PlyCount "82"]
[EventDate "2022.08.18"]
[EventCountry "ITA"]
[SourceTitle "playchess.com"]
[Source "ChessBase"]
[SourceQuality "1"]
[TimeControl "5400+30"]

1. d4 Nf6 2. c4 g6 3. Nc3 Bg7 4. e4 d6 5. f3 O-O 6. Be3 c5 7. Nge2 Nc6 8. d5 Ne5 9. Ng3 h5 10. Be2 {[%emt 0:00:34] E81: King's Indian: Sämisch: 6th move deviations (including 6 Be3 c6).} h4 11. Nf1 e6 12. Nd2 {[%emt 0:02:08] White is slightly better.} exd5 13. cxd5 (13. Nxd5 Nxd5 14. cxd5 f5 $15) 13... a6 14. a4 Bd7 15. O-O {[%emt 0:01:19] Strongly threatening h3.} h3 (15... b5 $14 {might be stronger.}) 16. g4 $1 $16 Qc8 {[%emt 0:12:37] [#]} 17. Kh1 $146 ({Predecessor:} 17. a5 Nh7 18. Na4 Bxa4 19. Qxa4 f5 20. gxf5 gxf5 21. f4 Ng6 22. Nc4 Qc7 23. Bh5 {1-0 (39) Kotau,A (2227)-Ludvik,T (2346) Bratislava 2019}) 17... Rb8 18. Rg1 {[%emt 0:03:45] g5 is the strong threat.} b5 19. g5 (19. axb5 $16 axb5 20. Qf1) 19... Ne8 (19... Nh5 $14) 20. f4 $1 Nc4 21. Bxc4 (21. Nxc4 $6 bxc4 22. Ra2 (22. Bxc4 Rxb2 23. Qd3 Nc7 $11) 22... Rb4 $11) 21... bxc4 22. Nxc4 a5 23. Rc1 Qa6 24. b3 Qb7 25. Nd2 (25. Nxa5 Qb4 26. Nc4 Bxc3 $17) 25... Nc7 26. Rg3 Rfe8 27. Qf3 Qb4 28. Ne2 (28. Ncb1 $18) 28... Re7 $2 (28... Nxd5 $1 $11 {and Black has nothing to worry.} 29. Rc4 (29. exd5 Rxe3 30. Qxe3 Re8 $11) 29... Qa3 30. exd5 Rxb3 31. Nxb3 Qxb3) 29. Nc4 $2 (29. f5 $1 $18 gxf5 30. g6) 29... Qxb3 $11 30. Nxd6 {[%emt 0:00:16] [#]} (30. e5 $11) 30... Nxd5 $1 $15 {[%emt 0:04:19] Black is more active.} 31. Bxc5 Qxf3+ 32. Rxf3 Bg4 $1 33. Rf2 (33. Rg3 $1 $15 Bxe2 34. exd5) 33... Bxe2 {[%emt 0:01:20] A strong pair of Bishops.} 34. exd5 {[%emt 0:01:37][%cal Od6f5] [#]} Bg4 {[%emt 0:01:33] Inhibits Nf5.} (34... Rc7 $1 $17 35. Rxe2 Rxc5 $1) 35. Nb5 $2 (35. Kg1 $11) 35... Rc8 $17 {[%emt 0:00:23][%cal Oc8c5] Threatens to win with ...Rxc5!} 36. Kg1 {[%emt 0:01:01] [#]} Re4 $1 37. Rd2 ({Avoid the trap} 37. Nd6 $2 {[#]} Rxc5 $1 38. Rb1 (38. Rxc5 $2 {is a self mate.} Re1+ 39. Rf1 Bd4+ 40. Kh1 Rxf1#) 38... Rxa4 $19) 37... Rxf4 ({Better is} 37... Rxa4 38. Nd6 Rb8) 38. d6 (38. Na7 $17 Rc7 39. Nc6 Rxa4 40. Be7) 38... Bd7 39. Nc7 Rg4+ ({Weaker is} 39... Bxa4 40. Nd5 Rg4+ 41. Kf2) 40. Kf1 Rxg5 41. Bf2 $2 (41. Nd5 {is a better defense.} Rf5+ 42. Ke1 Re8+ 43. Ne7+ Kf8 44. Rc4) 41... Bxa4 {[%emt 0:01:30] Quite a comeback for Black.  Weighted Error Value: White=0.54/Black=0.22 (precise)} 0-1

[Event "1st Bella Italia International 2022"]
[Site "Lignano"]
[Date "2022.08.18"]
[Round "2.6"]
[White "Jonkman, Harmen"]
[Black "Della Pietra, Andrea"]
[Result "1/2-1/2"]
[ECO "B07"]
[WhiteElo "2373"]
[BlackElo "2172"]
[Annotator "TA"]
[PlyCount "42"]
[EventDate "2022.08.18"]
[EventCountry "ITA"]
[SourceTitle "playchess.com"]
[Source "ChessBase"]
[SourceQuality "1"]
[TimeControl "5400+30"]

1. e4 d6 2. f4 d5 3. Nc3 d4 4. Nce2 c5 5. Ng3 Nf6 6. Bc4 {[%emt 0:03:39] [#] B07: Pirc Defence: Miscellaneous Systems.} h5 $146 {[%emt 0:21:45] Hoping for ...h4.} ({Predecessor:} 6... Qa5 7. Nf3 Nc6 8. a3 Bg4 9. O-O b5 10. Bxf7+ Kxf7 11. e5 h5 12. exf6 exf6 {½-½ (22) Juenger,T (1575)-Rusch,J (1425) Willingen 2009}) 7. d3 h4 8. Nf1 {[%emt 0:01:43] The position is equal.} Bg4 9. Qd2 Nc6 10. Qf2 $2 (10. h3 $11 {and White has nothing to worry.} Bd7 11. a4) 10... b5 $1 $19 11. h3 bxc4 12. hxg4 {[%emt 0:00:08] [#]} Qa5+ (12... Nxg4 13. Qe2 Nb4 14. dxc4) (12... cxd3 $2 13. cxd3 Nb4 14. Qd2) (12... Nb4 $1 $19 13. Qd2 Qa5) 13. Ke2 (13. Kd1 $17 {might work better.}) 13... cxd3+ ({Stronger than} 13... Nxg4 14. Qf3 Ne3 15. e5 (15. Nxe3 dxe3 16. Bxe3 Rb8 $15) 15... cxd3+ 16. cxd3 $15) 14. cxd3 c4 $1 ({Worse is} 14... Nxg4 15. Qf3 Ne3 16. e5 $15 (16. Nxe3 dxe3 17. Bxe3 Qa6 $15)) 15. Rxh4 $2 (15. Qf3) 15... cxd3+ 16. Kf3 Rxh4 17. Qxh4 {[%emt 0:00:03] [#]} (17. Bd2 {only move.} Qb5 18. Qxh4) 17... g5 $1 18. Qg3 e6 {[%emt 0:10:13] Threatens to win with ...Bb4.} 19. Bd2 Bb4 20. Rd1 (20. Bxb4 {was called for.} Qxb4 21. fxg5 Qxb2 22. Rd1) 20... Bxd2 21. Nxd2 gxf4 {[%emt 0:00:06][%mdl 32768] Weighted Error Value: White=0.84/Black=0.21 (precise) . An unexpected result.} 1/2-1/2

[Event "1st Bella Italia International 2022"]
[Site "Lignano"]
[Date "2022.08.18"]
[Round "2.7"]
[White "Zuttioni, Federico"]
[Black "Zeller, Frank"]
[Result "0-1"]
[ECO "C91"]
[WhiteElo "2161"]
[BlackElo "2356"]
[Annotator "TA"]
[PlyCount "136"]
[EventDate "2022.08.18"]
[EventCountry "ITA"]
[SourceTitle "playchess.com"]
[Source "ChessBase"]
[SourceQuality "1"]
[TimeControl "5400+30"]

1. e4 {[%emt 0:14:33] Solozhenkin,E} e5 2. Nf3 Nc6 3. Bb5 a6 4. Ba4 Nf6 5. O-O Be7 6. Re1 b5 7. Bb3 d6 8. c3 O-O 9. d4 Bg4 10. d5 Na5 11. Bc2 Qc8 12. h3 Bd7 13. Nbd2 c6 14. dxc6 Qxc6 15. Nf1 Nc4 16. a4 {[%emt 0:09:38] C91: Closed Ruy Lopez: 7...d6 8 c3 0-0 9 d4.} Rac8 17. Ng3 Rfe8 18. Ra2 {[%emt 0:02:45] The position is equal.} Be6 {[%emt 0:08:21][%cal Oc4e3] White should prevent ...Ne3!} 19. Ng5 {[%emt 0:06:39] [#]} (19. Ra1 $11 {remains equal.}) 19... Bd7 $146 {[%emt 0:14:06] Black is more active.} (19... Ne3 $1 $17 20. axb5 (20. Bxe3 Bxa2) 20... axb5 $1) ({Predecessor:} 19... Ne3 20. Rxe3 Bxa2 21. axb5 axb5 22. b3 h6 23. h4 hxg5 24. hxg5 Nh7 25. Nf5 g6 {0-1 (39) Yemelin,V (2485)-Solozhenkin,E (2500) St Petersburg 1998 CBM 065 [Solozhenkin,E]}) 20. b3 Nb6 $1 21. a5 Na8 22. Bd2 h6 23. Nf3 Nc7 24. Nh4 Ne6 25. Nhf5 Bf8 26. Qf3 {[%emt 0:02:34][%cal Of5h6] Inhibits Nf4.} Nf4 27. Bxf4 (27. Rd1 $11) 27... exf4 $17 28. Qxf4 Qxc3 29. Re3 Qe5 30. Qh4 (30. Rf3 $17) 30... g5 $19 31. Nxh6+ Kh7 32. Nxf7+ gxh4 33. Nxe5 dxe5 (33... Rxe5 $2 34. Ne2 $19) 34. Nf1 Bc5 35. Rd3 Bc6 36. Nd2 Rf8 37. Nf3 Kh6 38. Nxe5 Nxe4 39. Ng4+ Kg5 40. Bd1 Rce8 41. Bf3 Ba8 42. Rc2 Ba7 {[%emt 0:00:33][%cal Oe4f2] aiming for ...Nxf2!} 43. Rd7 {[%emt 0:00:24] [#]} (43. Rd1 $142) 43... Bb8 (43... Ng3 $142 $1 {( -> ...Re1+)} 44. Kh2 (44. Rxa7 $2 Re1+ 45. Kh2 Rh1#) 44... Re1 $1) 44. Rg7+ Kf4 45. Ne3 Ke5 (45... Nxf2 46. Kxf2 (46. Rxf2 $2 Kxe3 47. Rf1 Bxf3 $19) 46... Ke5 47. Rg4 $16 (47. Ng4+ Kd6 $16)) 46. Rg4 Rf4 (46... Rc8 $1 $19 {Hoping for ...Rxc2.} 47. Rxh4 Rxc2 48. Nxc2 Rc8) 47. Rg7 (47. Rg6 $17 Bb7 48. Rg7) 47... Bd6 (47... Kf6 $1 $19 48. Rd7 Kg6) 48. Ng4+ (48. Ra7 Rxf3 49. gxf3 Ng5 50. Rxa6 Bxf3) (48. Rc1 $17) 48... Kf5 (48... Kd4 $1 $19 {[%cal Rd4d3] And now ...Kd3 would win.} 49. Ra7 (49. Rd7 Re6 $17) 49... Bd5 50. Rxa6 Bb4) 49. Rf7+ $2 (49. Ra7 $15) 49... Kg6 $1 50. Ra7 {[%emt 0:00:19] [#]} (50. Rd7 $142 Bb8 51. Ne3) 50... Ng5 51. Be2 (51. Rxa6 Re1+ 52. Kh2 Rf6+ 53. Rxd6 Nxf3+ 54. gxf3 Rxd6 55. Ne5+ Rxe5 56. Rc8 Bxf3 57. Rg8+ Kf7 58. Rg4 Bxg4 59. hxg4 Rd2 60. Kg2 Ree2 61. g5 Kg6 62. Kh3 Kxg5 63. Kh2 Rxf2+ 64. Kg1 h3 65. b4 h2+ 66. Kh1 Rf1#) 51... Rd4 $1 {[%emt 0:01:23][%cal Oe8e2] ...Rxe2! is the strong threat.} 52. Ne3 Be4 53. Rc1 Re6 54. Rc8 {[%emt 0:00:37] Prevents Bb8.} Be7 $4 (54... Rd2 $19 55. Rg8+ Kf6 56. Ng4+ Kf5) 55. Bg4 $18 Re5 (55... Bd5 {is a better defense.} 56. Bxe6 Bxe6) 56. Rxa6+ $2 (56. f4 $18 Bb7 57. fxe5 Bxc8 58. Bxc8) 56... Kf7 (56... Rd6 $14 57. Ra7 Rf6) 57. Bh5+ $16 Kg7 {[%emt 0:00:04][%cal Og5h3] [#]} 58. Rc7 ({White has to play} 58. Ra7 $1 $16 {Threatens to win with f4.} Bg6 59. Bxg6 Kxg6 60. a6) 58... Kf8 $36 {[%emt 0:00:21][%cal Og5h3][%mdl 2048] Black is more active. Really sharp!} 59. Bg4 Bd6 (59... Bd8 $15 60. Rc1 Nf7) 60. Rxd6 Rxd6 $17 61. f4 {[%emt 0:00:10][%csl LRe5,LRg5] [#]} Rd3 62. Nf1 (62. fxe5 $11 Rxe3 63. e6) 62... Re7 63. Rc8+ Re8 64. fxg5 $2 (64. Rxe8+ $17 {is the only way for White.} Kxe8 65. fxg5) 64... Rxc8 $19 65. Bxc8 Rxb3 66. a6 $2 (66. Nd2 {was called for.} Rc3 67. Bg4 (67. Nxe4 $2 Rxc8 68. Kf2 Ra8 $19)) 66... Ra3 67. Nd2 Bd3 68. g6 b4 {[%emt 0:00:06] What a fight!  Weighted Error Value: White=0.65/Black=0.40} 0-1

[Event "1st Bella Italia International 2022"]
[Site "Lignano"]
[Date "2022.08.18"]
[Round "2.8"]
[White "Lumachi, Gabriele"]
[Black "Player, Edmund C"]
[Result "1-0"]
[ECO "D28"]
[WhiteElo "2355"]
[BlackElo "2202"]
[Annotator "TA"]
[PlyCount "74"]
[EventDate "2022.08.18"]
[EventCountry "ITA"]
[SourceTitle "playchess.com"]
[Source "ChessBase"]
[SourceQuality "1"]
[TimeControl "5400+30"]

1. d4 d5 2. c4 dxc4 3. Nf3 Nf6 4. e3 a6 5. Bxc4 b5 6. Bd3 Bb7 7. O-O e6 8. Qe2 c5 9. dxc5 Nc6 {[%emt 0:02:46] D28: Queen's Gambit Accepted: Classical main line: 7 Qe2 with early ...Nc6.} 10. Rd1 {[%emt 0:01:29][%cal Ob2b4] Strongly threatening b4!} Qc7 11. a3 {[%emt 0:11:05] Prevents Nb4. And now b4 would win.} Bxc5 {[%emt 0:01:44] White has an edge.} 12. b4 Bd6 13. Bb2 Ng4 14. h3 (14. Bxg7 Rg8 15. Bb2 Bxh2+ 16. Kf1 Nce5 $17) 14... Nge5 15. Be4 {[%emt 0:00:41] [#]} f5 $146 (15... Nxf3+ $14 16. Bxf3 (16. Qxf3 O-O $11) 16... O-O) ({Predecessor:} 15... Nxf3+ 16. Qxf3 f5 17. Bxc6+ Bxc6 18. Qh5+ g6 19. Qh6 Bf8 20. Qh4 Bg7 21. Bxg7 Qxg7 {½-½ (33) Alexandrova,O (2424)-Navarro Lopez Menchero,D (2135) Linares 2014}) 16. Bxc6+ $16 Nxc6 17. Ng5 Qe7 18. Rxd6 Qxd6 $11 19. Bxg7 Rg8 20. Qh5+ Kd7 21. Bf6 Raf8 {[%emt 0:12:14] [#]} (21... Qf8 $11 22. Nxh7 (22. Qxh7+ Ne7 $11) 22... Qe8) 22. Nc3 $1 $14 {[%emt 0:01:55] Rd1 is the strong threat.} Kc8 23. Rd1 Qc7 24. Nxe6 {[%emt 0:01:32][%mdl 64] Discovered Attack, Double Attack. 0x0.0016828674b3dp-1022s more active pieces.} Qf7 25. Qxf7 {[%emt 0:01:25] Really sharp!} Rxf7 26. Bh4 Ne5 {[%emt 0:11:05] White must now prevent ...Nf3+.} 27. Bg3 Nc4 28. Rc1 $40 {[%emt 0:07:08][%cal Oc3a4][%mdl 128] White is up to no good.} Rd7 {[%emt 0:01:02] [#]} 29. Na4 $1 Bc6 30. Nd4 {[%emt 0:06:27] Pair of Knights!} f4 {[%emt 0:02:18] [#]} 31. Bxf4 Rxg2+ 32. Kf1 Rg6 {[%emt 0:00:29] [#]} (32... Nd2+ $16 33. Ke2 bxa4) 33. Nb6+ $3 $18 Nxb6 34. Nxc6 Nc4 35. Ne5 Rc7 (35... Rd2 $142 36. Nxg6 hxg6) 36. Nxg6 Nxe3+ $2 (36... Nd2+ $18 37. Ke2 Rxc1) 37. Bxe3 Rxc1+ {[%emt 0:00:38] Weighted Error Value: White=0.04 (flawless) /Black=0.41} 1-0